 Dungeon Crawl Stone Soup version 0.31.0-11-ge490571c62 (webtiles) character file.

Game seed: 364862279696787422

7 PAMOHbI411 the Trooper (level 2, -1/27 HPs)
             Began as a Hill Orc Monk on Jan 29, 2024.
             Was a Believer of Elyvilon.
             Slain by a hobgoblin (5 damage)
             ... on level 1 of the Dungeon.
             The game lasted 00:00:35 (427 turns).

PAMOHbI411 the Trooper (Hill Orc Monk)               Turns: 427, Time: 00:00:37

Health: -1/27      AC:  2    Str: 13    XL:     2   Next: 0%
Magic:  2/2        EV:  9    Int: 10    God:    Elyvilon [**....]
Gold:   34         SH:  0    Dex: 13    Spells: 1/1 levels left

rFire   . . .        a - +0 short sword
rCold   . . .        d - orb {light}
rNeg    . . .        b - +0 robe
rPois   .            (no helmet)
rElec   .            (no cloak)
rCorr   .            (no gloves)
SInv    .            (no boots)
Will    .....        (no amulet)
Stlth   +            (no ring)
HPRegen 0.24/turn    (no ring)
MPRegen 0.08/turn

%: no passive effects
@: glowing, constricted
A: no striking features
a: Renounce Religion, Purification, Heal Other


You were on level 1 of the Dungeon.
You worshipped Elyvilon.
Elyvilon was pleased with you.
You visited 1 branch of the dungeon, and saw 1 of its levels.

You collected 34 gold pieces.

Inventory:

Hand Weapons
 a - a +0 short sword (weapon)
Armour
 b - a +0 robe (worn)
 d - an orb of light (worn)
Jewellery
 e - a +5 ring of evasion
Scrolls
 f - a scroll of identify {unknown}
Potions
 c - a potion of ambrosia


   Skills:
 + Level 3.8 Fighting
 + Level 3.1 Short Blades
 + Level 2.5 Dodging


You had one spell level left.
You didn't know any spells.
Your spell library contained the following spells:

 Spells                   Type           Power      Damage    Failure   Level
 Summon Small Mammal      Summ           0%         N/A       36%         1
 Call Canine Familiar     Summ           0%         N/A       75%         3
 Summon Blazeheart Golem  Fire/Summ      0%         N/A       98%         4


Dungeon Overview and Level Annotations

Branches:
Dungeon (1/15)

Altars:
Elyvilon


Message History

The hobgoblin barely misses you. The ball python barely misses you. x2
You barely miss the hobgoblin.
The hobgoblin is lightly wounded.
The hobgoblin barely misses you. The ball python closely misses you.
The ball python grabs you. The ball python constricts you.
You hit the hobgoblin.
The hobgoblin is moderately wounded.
The hobgoblin barely misses you. The ball python bites you.
The ball python constricts you.
You barely miss the hobgoblin.
The hobgoblin is lightly wounded.
The ball python barely misses you. The ball python constricts you.
The hobgoblin closely misses you. The endoplasm freezes you.
You are frozen.
You barely miss the hobgoblin.
The hobgoblin is lightly wounded.
The ball python bites you. The ball python constricts you.
The hobgoblin closely misses you. The endoplasm misses you.
You hit the hobgoblin but do no damage.
The hobgoblin is lightly wounded.
The ball python closely misses you. The ball python constricts you.
The hobgoblin hits you. The endoplasm freezes you.
You are frozen.
You hit the hobgoblin but do no damage.
The hobgoblin is lightly wounded.
The ball python bites you. The ball python constricts you.
The hobgoblin hits you.
* * * LOW HITPOINT WARNING * * *
The endoplasm freezes you.
You are frozen.
Elyvilon protects you from harm!
You hit the endoplasm but do no damage. The ball python barely misses you.
The ball python constricts you.
Unknown command.
You hit the endoplasm.
The endoplasm is almost dead.
The hobgoblin hits you.
You die...

###############...#
...)##............#
###.##.######.....##
##.....# ##.....##
##..#### ##...#.#.#
.....## #..#.⌠.#
........# #...#.##
#..#.##.# ##+#.# #
#..#.# # #..@#.#
#....# #..gSJ#.#
#.##.. #..........
... ...
#.........#.. ... ..
+.........+.... #
#.........# ...
##.......## ##
##.....##


You could see an endoplasm, a hobgoblin and a ball python.

Vanquished Creatures
  2 endoplasms (D:1)
  A goblin (D:1)
  A hobgoblin (D:1)
  A bat (D:1)
  A frilled lizard (D:1)
6 creatures vanquished.

Notes
Turn   | Place    | Note
-------+----------+-------------------------------------------
     0 | D:1      | PAMOHbI411 the Hill Orc Monk began the quest for the Orb.
     0 | D:1      | Reached XP level 1. HP: 19/19 MP: 1/1
   302 | D:1      | Found a faded altar of an unknown god.
   311 | D:1      | Prayed at the altar of an unknown god.
   311 | D:1      | Became a worshipper of Elyvilon the Healer
   311 | D:1      | Reached * piety under Elyvilon
   311 | D:1      | Reached ** piety under Elyvilon
   344 | D:1      | Reached XP level 2. HP: 15/27 MP: 2/2
   425 | D:1      | Elyvilon protects you from harm!
   427 | D:1      | Slain by a hobgoblin

Illustrated notes

Levels and vault maps discovered:
D:1:      tarquinn_simple_flora_water_d, layout_loops_corners,
          shapermc_ecumenical_altar_notcrosses, grunt_decor_mini_mirrors,
          hangedman_decor_points

Action                     || total
---------------------------++-------
  Melee: Short sword       ||    41
 Armour: Robe              ||    22
  Dodge: Dodged            ||    28
